 Dungeon Crawl Stone Soup version 0.25.1-2-g60ff931df9 (webtiles) character file.

Game seed: 11268402825454685252

58 DildoBatman the Conjurer (level 4, -2/30 HPs)
             Began as a Formicid Wizard on Sept 11, 2020.
             Slain by a goblin
             ... wielding a +0 dagger
              (3 damage)
             ... on level 2 of the Dungeon.
             The game lasted 00:03:41 (1851 turns).

DildoBatman the Conjurer (Formicid Wizard)          Turns: 1851, Time: 00:03:42

Health: -2/30      AC:  4    Str: 12    XL:     4   Next: 20%
Magic:  8/8        EV: 12    Int: 18    God:
Gold:   120        SH:  0    Dex:  9    Spells: 8/9 levels left

rFire    . . .     SeeInvis +   a - +2 short sword (venom)
rCold    . . .     Gourm    .   (no shield)
rNeg     . . .     Faith    .   j - +0 robe
rPois    .         Spirit   .   (helmet unavailable)
rElec    .         Reflect  .   (no cloak)
rCorr    .         Harm     .   o - +0 pair of gloves
MR       +....                  n - +0 pair of boots
Stlth    ++........             (no amulet)
HPRegen  0.10/turn              h - ring of protection from magic
MPRegen  0.11/turn              (no ring)

@: no status effects
A: permanent stasis, dig shafts and tunnels, four strong arms, antennae 3
a: Dig, Shaft Self


You were on level 2 of the Dungeon.
You were not hungry.

You visited 1 branch of the dungeon, and saw 2 of its levels.

You collected 120 gold pieces.

Inventory:

Hand Weapons
 a - a +2 short sword of venom (weapon)
 e - a +0 short sword
 k - a +2 vorpal spear
Missiles
 c - 142 stones (quivered)
 g - 13 bolts
 r - 14 poisoned darts
Armour
 j - a +0 robe (worn)
 n - a +0 pair of boots (worn)
 o - a +0 pair of gloves (worn)
Jewellery
 h - a ring of protection from magic (left hand)
 q - an uncursed ring of ice
Scrolls
 b - 2 scrolls of identify {unknown}
 d - a scroll of enchant weapon {unknown}
 i - 2 scrolls of teleportation {unknown}
Potions
 f - a potion of heal wounds {unknown}
 l - 3 potions of brilliance {unknown}
 m - a potion of lignification {unknown}
Comestibles
 p - a chunk of flesh
 v - 5 rations


   Skills:
 - Level 1.7 Dodging
 - Level 2.4 Stealth
 - Level 3.2 Spellcasting
 * Level 3.3 Conjurations
   Level 1.0 Summonings
   Level 0.8 Translocations


You had 8 spell levels left.
You knew the following spells:

 Your Spells              Type           Power        Failure   Level  Hunger
c - Magic Dart            Conj           ###.         4%          1    None

Your spell library contained the following spells:

 Spells                   Type           Power        Failure   Level  Hunger
 Call Imp                 Summ           #.......     16%         2    ##.....
 Slow                     Hex            #.......     24%         2    ##.....
 Conjure Flame            Conj/Fire      #.......     24%         3    ###....
 Mephitic Cloud           Conj/Pois/Air  #.......     30%         3    ###....
 Blink                    Tloc           Unusable     N/A         2    N/A

Dungeon Overview and Level Annotations

Branches:
Dungeon (2/15)

Altars:


Innate Abilities, Weirdness & Mutations

You cannot be hasted, slowed, berserked, paralysed or teleported.
You can dig through walls and to a lower floor.
Your four strong arms can wield two-handed weapons with a shield.
You have a pair of large antennae on your head. (SInv)


Message History

The goblin hits you but does no damage. What are your orders? t - Shout!
Orders for allies: a - Attack new target. r - Retreat! s - Stop attacking. g - Guard the area. f - Follow me.
Anything else - Cancel.
You shout for attention!
The hobgoblin hits you but does no damage.
The goblin hits you but does no damage. What are your orders? t - Shout!
Orders for allies: a - Attack new target. r - Retreat! s - Stop attacking. g - Guard the area. f - Follow me.
Anything else - Cancel.
You shout for attention!
The hobgoblin hits you but does no damage.
The goblin hits you with a +0 dagger.
You die...

#.#..# { #.##.###{
##. ..# #÷##...# ..#.
#.# #.####.# #.#. #.#
#.# #.####.#.## ..##
#.# ##.# #.)....#..#
#..# .. #..#
#####..##.## #..# ..
##.## #).##..####..#
> ##..#
#...@........##.#
#..##
##.gg.#####..†#.#
#.##
#....######....## #.#
#..#.##........†# #.#
####..#..#.###.###.#
#.# #.....##...###.#
#.# ..#
#.###.##....##.## ..#
.## #.
###...........# #.#
.# #.
#.............###.###


You could see a hobgoblin and a goblin.

Vanquished Creatures
  An adder (D:2)
  2 dart slugs (D:1)
  A leopard gecko (D:1)
  2 giant cockroaches (D:1)
  5 goblins
  4 hobgoblins
  A quokka (D:2)
  4 bats
  3 frilled lizards (D:2)
  13 kobolds
  5 rats
41 creatures vanquished.

Notes
Turn   | Place    | Note
-------+----------+-------------------------------------------
     0 | D:1      | DildoBatman the Formicid Wizard began the quest for the
                  | Orb.
     0 | D:1      | Reached XP level 1. HP: 13/13 MP: 4/4
   102 | D:1      | Reached skill level 1 in Conjurations
   250 | D:1      | Reached XP level 2. HP: 19/19 MP: 0/6
   751 | D:1      | Reached XP level 3. HP: 24/24 MP: 4/7
  1607 | D:2      | Found a faded altar of an unknown god.
  1779 | D:2      | Reached XP level 4. HP: 30/30 MP: 2/8
  1847 | D:2      | HP: 1/30 [goblin/+0 dagger (2)]
  1851 | D:2      | Slain by a goblin

Illustrated notes

Levels and vault maps discovered:
D:1:      dpeg_arrival_circle_labyrinth_c, layout_basic, lexackson_kobold_supper
D:2:      layout_rooms, chequers_ecumenical_altar_simple_redux

Skill      XL: |  1  2  3 |
---------------+----------+-----
Conjurations   | 1 2 3 |  3.3
Dodging        | |  1.7
Stealth        | |  2.4
Spellcasting   | |  3.2
Summonings     | |  1.0
Translocations | |  0.8

Action                   |  1- 3 |  4- 6 || total
-------------------------+-------+-------++-------
Melee: Short sword       |    26 |     2 ||    28
 Cast: Magic Dart        |    72 |     1 ||    73
 Abil: Dig               |     6 |       ||     6
  Eat: Chunk             |     3 |       ||     3
Armor: Robe              |     8 |    15 ||    23
Dodge: Dodged            |    38 |    35 ||    73
